 Dungeon Crawl Stone Soup version 0.24-a0-139-geb6712d (webtiles) character file.

Game seed: 6156622604573951338

224 Anon1729 the Cudgeler (level 5, -15/52 HPs)
             Began as a Troll Gladiator on Mar 1, 2019.
             Demolished by an ogre
             ... wielding a +0 giant club
              (18 damage)
             ... on level 4 of the Dungeon.
             The game lasted 00:05:56 (1906 turns).

Anon1729 the Cudgeler (Troll Gladiator)             Turns: 1906, Time: 00:05:57

Health: -15/52     AC:  6    Str: 22    XL:     5   Next: 67%
Magic:  4/4        EV: 11    Int:  4    God:
Gold:   90         SH:  0    Dex: 12    Spells: 4/4 levels left

rFire    . . .     SeeInvis +   a - +0 flail
rCold    . . .     Gourm    +   (no shield)
rNeg     . . .     Faith    .   b - +0 robe
rPois    .         Spirit   .   c - +0 hat
rElec    .         Reflect  .   (no cloak)
rCorr    .         Harm     .   (gloves unavailable)
MR       .....                  (boots unavailable)
Stlth    +.........             (no amulet)
HPRegen  0.57/turn              p - ring of see invisible
MPRegen  0.09/turn              (no ring)

@: no status effects
A: large, unfitting armour, claws 3, fast metabolism 3, gourmand, regeneration
1, shaggy fur 1, tough skin 3
a: no special abilities


You were on level 4 of the Dungeon.
You were full.

You visited 1 branch of the dungeon, and saw 4 of its levels.

You collected 90 gold pieces.

Inventory:

Hand Weapons
 a - a +0 flail (weapon)
Missiles
 d - 3 throwing nets (quivered)
Armour
 b - a +0 robe (worn)
 c - a +0 hat (worn)
Jewellery
 p - a ring of see invisible (left claw)
Scrolls
 e - a scroll of remove curse
 g - 2 scrolls of enchant armour {unknown}
 h - 3 scrolls of teleportation {unknown}
 i - 3 scrolls of identify {unknown}
 k - a scroll of immolation {unknown}
 n - a scroll of noise {unknown}
Potions
 j - a potion of haste {unknown}
 m - a potion of cancellation {unknown}
 o - a potion of curing {unknown}
Comestibles
 f - 7 rations


   Skills:
 + Level 2.8 Fighting
 + Level 3.7 Maces & Flails
 + Level 3.1 Throwing
 + Level 3.3 Dodging


You had 4 spell levels left.
You didn't know any spells.
Your spell library contained the following spells:

 Spells                   Type           Power        Failure   Level  Hunger
 Ignite Poison            Fire/Tmut/Pois #.......     86%         3    ####...
 Fireball                 Conj/Fire      #.........   100%        5    ######.
 Bolt of Fire             Conj/Fire      #.........   100%        6    #######
 Ring of Flames           Chrm/Fire      #.........   100%        7    #######
 Ignition                 Fire           #.........   100%        8    #######


Dungeon Overview and Level Annotations

Branches:
Dungeon (4/15)
 Temple: D:4-7

Altars:
Makhleb
Wu Jian
Xom

Shops:
D:4 (


Innate Abilities, Weirdness & Mutations

You are too large for most types of armour.
You have claws for hands.
Your metabolism is lightning-fast.
You like to eat raw meat.
Your natural rate of healing is unusually fast.
You are covered in fur. (AC +1)
You have extremely tough skin. (AC +3)


Message History

The ogre barely misses you.
You hit the ogre.
The ogre is almost dead.
The ogre misses you.
You barely miss the ogre.
The ogre is almost dead.
The ogre hits you with a +0 giant club!!
* * * LOW HITPOINT WARNING * * *
You hit the ogre.
The ogre is almost dead.
The ogre hits you with a +0 giant club!
* * * LOW HITPOINT WARNING * * *
You closely miss the ogre.
The ogre is almost dead.
The ogre hits you with a +0 giant club.
* * * LOW HITPOINT WARNING * * *
You barely miss the ogre.
The ogre is almost dead.
The ogre hits you with a +0 giant club!!
You die...

####### ##.....#
##..#'''#
#..##)..##
#@##.....##
#O#...)...#
######.#...∩...#
#..<...#.......#
#....####.....##
#....##.##...##
##...##..#####
###...##......#
#..<..........#


You could see an ogre.

Vanquished Creatures
  A centaur skeleton (D:4)
  2 orc wizards (D:2)
  A worker ant (D:4)
  3 adders
  An ooze (D:1)
  An adder skeleton (D:4)
  2 worms
  5 dart slugs
  3 leopard geckos
  3 orcs
  A giant cockroach (D:1)
  6 goblins
  5 hobgoblins
  8 jackals
  6 kobolds
  2 quokkas (D:2)
  6 bats
  2 frilled lizards (D:1)
  2 rats
60 creatures vanquished.

Notes
Turn   | Place    | Note
-------+----------+-------------------------------------------
     0 | D:1      | Anon1729 the Troll Gladiator began the quest for the Orb.
     0 | D:1      | Reached XP level 1. HP: 19/19 MP: 0/0
   102 | D:1      | Reached XP level 2. HP: 26/28 MP: 1/1
   240 | D:1      | Reached XP level 3. HP: 30/35 MP: 2/2
   729 | D:2      | Reached XP level 4. HP: 31/44 MP: 3/3
   890 | D:2      | Found a faded altar of an unknown god.
  1021 | D:2      | Found a burning altar of Makhleb.
  1021 | D:2      | Found a shimmering altar of Xom.
  1105 | D:2      | Reached XP level 5. HP: 41/50 MP: 4/4
  1557 | D:3      | Noticed an ice beast
  1685 | D:4      | Found an ornate altar of the Wu Jian Council.
  1704 | D:4      | Found Keukkupt's Antique Weapon Shoppe.
  1790 | D:4      | Noticed an ogre
  1906 | D:4      | Demolished by an ogre

Levels and vault maps discovered:
D:1:      lemuel_arrival_lava_pool, layout_loops_ring,
          chequers_serial_rivers_micro_c, ebering_dispersal_statue_hall
D:2:      layout_loops_ring, amethyst_overflow_temple_binary,
          chequers_ecumenical_altar_twisty, first_ration, uniq_sigmund
D:3:      layout_rooms, minmay_overflow_temple_hex
D:4:      layout_gridville, overflow_temple_1_default, kennysheep_windowed_goal

Skill      XL: |  1  2  3  4  5 |
---------------+----------------+-----
Throwing       | 2 3 |  3.1
Maces & Flails | 3 |  3.7
Fighting       | 2 |  2.8
Dodging        | 3 |  3.3

Action                   |  1- 3 |  4- 6 || total
-------------------------+-------+-------++-------
Melee: Flail             |   104 |   165 ||   269
  Use: Potion            |       |     1 ||     1
       Scroll            |       |     1 ||     1
 Stab: Sleeping          |     1 |       ||     1
  Eat: Chunk             |    12 |     9 ||    21
Armor: Robe              |    74 |    95 ||   169
Dodge: Dodged            |    73 |   151 ||   224

Table legend:
 A = Non-vault XP
 B = Vault XP
 C = Vault XP percentage of total XP
 D = Non-vault monster count
 E = Vault monster count
 F = Vault count percentage of total count
                 A         B        C        D         E       F
            +---------+---------+-------+---------+---------+-------
      Total |     316 |       5 |   1.6 |      59 |       1 |   1.7
            +---------+---------+-------+---------+---------+-------
        D:1 |      56 |       0 |   0.0 |      25 |       0 |   0.0
        D:2 |     149 |       0 |   0.0 |      22 |       0 |   0.0
        D:3 |      18 |       0 |   0.0 |       4 |       0 |   0.0
        D:4 |      93 |       5 |   5.1 |       8 |       1 |  11.1
            +---------+---------+-------+---------+---------+-------
